 Dungeon Crawl Stone Soup version 0.31-a0-851-g7ff8af7976 (webtiles) character file.

Game seed: 9123626867652970932

88 Darius099 the Chopper (level 4, -4/40 HPs)
             Began as a Minotaur Fighter on Oct 7, 2023.
             Slain by Jessica
             ... wielding a +3 dagger of electrocution
              (7 damage)
             ... on level 2 of the Dungeon.
             The game lasted 00:03:49 (1065 turns).

Darius099 the Chopper (Minotaur Fighter)            Turns: 1065, Time: 00:03:51

Health: -4/40      AC:  7    Str: 22    XL:     4   Next: 29%
Magic:  3/3        EV:  9    Int:  5    God:
Gold:   89         SH:  4    Dex: 10    Spells: 3/3 levels left

rFire   . . .        a - +0 war axe
rCold   . . .        c - +0 buckler
rNeg    . . .        b - +0 scale mail
rPois   .            (helmet restricted)
rElec   .            (no cloak)
rCorr   .            (no gloves)
SInv    .            (no boots)
Will    .....        (no amulet) Stlth
                     (no ring)
HPRegen 0.26/turn    (no ring)
MPRegen 0.08/turn

%: no passive effects
@: lethally poisoned (-4 -> -15)
A: horns 2, retaliatory headbutt
a: no special abilities


You were on level 2 of the Dungeon.
You visited 1 branch of the dungeon, and saw 2 of its levels.

You collected 89 gold pieces.

Inventory:

Hand Weapons
 a - a +0 war axe (weapon)
Armour
 b - a +0 scale mail (worn)
 c - a +0 buckler (worn)
Scrolls
 e - a scroll of poison {unknown}
 f - a scroll of teleportation {unknown}
 h - 3 scrolls of identify {unknown}
Potions
 d - a potion of might
 g - a potion of lignification {unknown}


   Skills:
 - Level 4.0 Fighting
 + Level 4.8 Axes
 - Level 4.0 Armour
 - Level 3.9 Shields


You had 3 spell levels left.
You didn't know any spells.
Your spell library contained the following spells:

 Spells                   Type           Power      Damage    Failure   Level
 Kiss of Death            Conj/Necr      0%         2d5       86%         1
 Confusing Touch          Hex            0%         N/A       99%         3
 Ozocubu's Armour         Ice            0%         N/A       99%         3
 Dispel Undead            Necr           0%         3d6       100%        4
 Metabolic Englaciation   Hex/Ice        0%         N/A       100%        5
 Simulacrum               Ice/Necr       0%         N/A       100%        6


Dungeon Overview and Level Annotations

Branches:
Dungeon (2/15)

Altars:

Shops:
D:2 [

Annotations:
D:2 Jessica


Innate Abilities, Weirdness & Mutations

You have a pair of horns on your head.
You reflexively headbutt those who attack you in melee.


Message History

Jessica casts a spell.
Jessica blinks!
You barely miss Terence. Your headbutt misses Terence.
Terence hits you with a +1 short sword of venom.
You are poisoned.
You closely miss Terence.
You feel very sick. Terence barely misses you.
You slash Terence!
Terence is heavily wounded.
You feel sick. Terence barely misses you. Terence hits you but does no damage.
You are more poisoned.
You hit Terence. Your headbutt misses Terence.
Terence is severely wounded.
You feel very sick.
Jessica casts a spell.
Jessica seems to speed up.
Terence hits you with a +1 short sword of venom.
You are more poisoned.
Jessica gestures wildly.
You barely miss Terence.
Terence is severely wounded.
You feel very sick.
Terence hits you with a +1 short sword of venom.
You are lethally poisoned!
You slash Terence!
You kill Terence!
You feel very sick. Jessica gestures at you while chanting.
Pain shoots through your body!
* * * LOW HITPOINT WARNING * * *
You have reached level 4!
You feel agile.
You hit Jessica.
Jessica is heavily wounded.
* * * LOW HITPOINT WARNING * * *
You feel very sick.
Jessica mumbles something strange.
Jessica hits you with a +3 dagger of electrocution!
You die...

##........#
.........#
##........#
........
###.......# [.....#
.###......# .....#
.. .# #......#
....#...# .#
####'#.# #......#
.#### #.#.# #.#
....###.#.# #+##@#
###..##∩#.# #..@.#
##.##.#.# ###.##
####..#.#.####...##
..........##......#
...........'>.....#
...........#......#
........#.##......#
........#.##......#
######..#...#######


You could see Jessica (fast).

Vanquished Creatures
  Terence (D:2)
  3 adders (D:2)
  2 dart slugs (D:1)
  5 endoplasms
  A giant cockroach (D:2)
  3 goblins (D:1)
  3 hobgoblins
  3 kobolds
  A quokka (D:1)
  5 bats
  2 frilled lizards (D:1)
  3 rats (D:1)
32 creatures vanquished.

Notes
Turn   | Place    | Note
-------+----------+-------------------------------------------
     0 | D:1      | Darius099 the Minotaur Fighter began the quest for the Orb.
     0 | D:1      | Reached XP level 1. HP: 19/19 MP: 0/0
   202 | D:1      | Reached XP level 2. HP: 13/27 MP: 1/1
   550 | D:1      | Reached XP level 3. HP: 33/33 MP: 2/2
   894 | D:2      | Found Avijor's Armour Shop.
  1051 | D:2      | Noticed Terence
  1051 | D:2      | Noticed Jessica
  1064 | D:2      | Killed Terence
  1065 | D:2      | Reached XP level 4. HP: 7/40 MP: 3/3
  1065 | D:2      | Slain by Jessica

Illustrated notes

Levels and vault maps discovered:
D:1:      dpeg_arrival_long_road, layout_basic
D:2:      layout_basic, serial_shops, shop, minmay_misc_feat_plants,
          minivault_23, kennysheep_potato, uniq_jessica, uniq_sigmund,
          uniq_terence

Skill      XL: |  1  2  3 |
---------------+----------+-----
Fighting       | 4 |  4.0
Axes           | 3 4 |  4.8
Armour         | 4 |  4.0
Shields        | |  3.9

Action                     |  1- 3 |  4- 6 || total
---------------------------+-------+-------++-------
  Melee: War axe           |    69 |     1 ||    70
         Headbutt          |     6 |       ||     6
 Armour: Scale mail        |    65 |     1 ||    66
  Dodge: Dodged            |    34 |       ||    34
  Block: Buckler           |    14 |       ||    14

Table legend: (Time is in decaauts)
 A = Elapsed time spent in this place.
 B = Non-inter-level travel time spent in this place.
 C = Inter-level travel time spent in this place.
 D = Time resting spent in this place.
 E = Time spent auto-exploring this place.
 F = Levels seen in this place.
 G = Mean time per level.
                   A        B        C        D        E       F      G
               +--------+--------+--------+--------+--------+-----+--------+
         Total |   1091 |   1091 |      0 |    175 |    323 |   2 |  545.5 |
       Dungeon |   1091 |   1091 |      0 |    175 |    323 |   2 |  545.5 |
               +--------+--------+--------+--------+--------+-----+--------+

Top non-repeatable levels by time:
     D:1: 589 daAuts
     D:2: 501 daAuts
